AoeStats
← oskarturorozco

Migration

510224823Analyzed
1v1 RM · 13h ago on Sep 30, 2026· 18m 54s· 2 players
Game mode
Random Map
Map size
132×132
Population
200
Speed
Normal
Resources
Standard
Victory
Conquest
Starting age
Dark Age
Ending age
Imperial Age
RankedLock teamsTeams togetherTeam positionsShared explorationLock speedFull tech treeHidden civsTurbo modeCheats
Victory
Defeat
🇨🇴 Khmer · Colombia
554
+10
🇧🇷 Teutons · Brazil
415
-10
lbaquino21
8:30 Loom
11:55 Feudal Age
13:35 Wheelbarrow
12:45 Horse Collar
12:53 Double-Bit Axe
14:01 Fishing Lines
oskarturorozco
0:28 Loom
11:04 Feudal Age
11:40 Double-Bit Axe
20:31 Castle Age
Connection lost

Rejoining the realm…

Still unreachable

The connection could not be restored.

Session expired

The server has moved on; the page needs a fresh start.